MLB
CLEVELAND INDIANS @ CHICAGO WHITE SOX
06/10/2020
 
TOP OF THE 1ST
Cleveland Indians batting - Pitching for Chicago White Sox : LHP Dallas Keuchel
Pitching: LHP Dallas Keuchel
Batting: RHB Oscar Mercado 0-0: Ball
1-0: Foul Ball, location: 2F
1-1: Ball
2-1: Ground out 6-3 (Groundball, 6, EV 104.4 MPH)
Batting: SHB Francisco Lindor 0-0: Fly out, F8 (Flyball, 8RD, EV 83.8 MPH)
Batting: SHB Jose Ramirez 0-0: Called Strike
0-1: Fly out, F8 (Flyball, 8RD, EV 85.0 MPH)
Top of the 1st over - 0 runs, 0 hits, 0 errors, 0 left on base; Cleveland 0 - Chicago 0
BOTTOM OF THE 1ST
Chicago White Sox batting - Pitching for Cleveland Indians : RHP Shane Bieber
Pitching: RHP Shane Bieber
Batting: SHB Yoan Moncada 0-0: Foul Ball, location: 2F
0-1: Called Strike
0-2: Ball
1-2: Foul Ball, location: 2F
1-2: Ball
2-2: Ground out 5-3 (Groundball, 5, EV 90.0 MPH)
Batting: SHB Yasmani Grandal 0-0: Fly out, F8 (Flyball, 78D, EV 90.0 MPH)
Batting: RHB Jose Abreu 0-0: Ball
1-0: Foul Ball, location: 7LDF
1-1: Fly out, F7 (Flyball, 7, EV 92.5 MPH)
Bottom of the 1st over - 0 runs, 0 hits, 0 errors, 0 left on base; Cleveland 0 - Chicago 0
TOP OF THE 2ND
Cleveland Indians batting - Pitching for Chicago White Sox : LHP Dallas Keuchel
Batting: RHB Franmil Reyes 0-0: Ball
1-0: Ball
2-0: Called Strike
2-1: Foul Ball, location: 2F
2-2: SINGLE (Line Drive, 4D, EV 98.8 MPH)
Batting: SHB Cesar Hernandez 0-0: Called Strike
0-1: Called Strike
0-2: Ball
1-2: Ball
2-2: Strikes out swinging
Batting: RHB Domingo Santana 0-0: Called Strike
0-1: Called Strike
0-2: Strikes out swinging
Batting: SHB Carlos Santana 0-0: Foul Ball, location: 2F
0-1: Swinging Strike
0-2: Ball
1-2: Foul Ball, location: 2F
1-2: DOUBLE (Flyball, 8RXD, EV 95.6 MPH)
Franmil Reyes to third
Runner from 3rd tries for Home, SAFE, throw by CF to trailing runner, SAFE at third!
Batting: RHB Roberto Perez 0-0: Ball
1-0: Swinging Strike
1-1: Foul Ball, location: 2F
1-2: Strikes out swinging
Top of the 2nd over - 1 run, 2 hits, 0 errors, 1 left on base; Cleveland 1 - Chicago 0
BOTTOM OF THE 2ND
Chicago White Sox batting - Pitching for Cleveland Indians : RHP Shane Bieber
Batting: RHB Eloy Jimenez 0-0: Called Strike
0-1: Called Strike
0-2: Foul Ball, location: 2F
0-2: Foul Ball, location: 2F
0-2: DOUBLE (Flyball, 78XD, EV 106.3 MPH)
Batting: RHB Edwin Encarnacion 0-0: Swinging Strike
0-1: Foul Ball, location: 2F
0-2: Ball
1-2: Ball
2-2: Foul Ball, location: 2F
2-2: Ball
3-2: Foul Ball, location: 9LSF
3-2: Strikes out looking
Batting: LHB Nomar Mazara 0-0: Ball
1-0: Called Strike
1-1: Ball
2-1: Called Strike
2-2: Ball
3-2: Strikes out swinging
Batting: RHB Tim Anderson 0-0: Ball
1-0: Foul Ball, location: 9LDF
1-1: Swinging Strike
1-2: Foul Ball, location: 2F
1-2: Ball
2-2: Ball
3-2: Strikes out swinging
Bottom of the 2nd over - 0 runs, 1 hit, 0 errors, 1 left on base; Cleveland 1 - Chicago 0
TOP OF THE 3RD
Cleveland Indians batting - Pitching for Chicago White Sox : LHP Dallas Keuchel
Batting: LHB Tyler Naquin 0-0: Ball
1-0: Foul Ball, location: 7LSF
1-1: Foul Ball, location: 7LDF
1-2: Foul Ball, location: 2F
1-2: Foul Ball, location: 9LDF
1-2: Ball
2-2: Ball
3-2: Strikes out looking
Batting: RHB Oscar Mercado 0-0: Ball
1-0: Foul Ball, location: 25F
1-1: Ball
2-1: Ball
3-1: Swinging Strike
3-2: Fly out, F9 (Flyball, 9, EV 95.0 MPH)
Batting: SHB Francisco Lindor 0-0: Foul Ball, location: 2F
0-1: Ground out 1-3 (Groundball, 15, EV 71.3 MPH)
Top of the 3rd over - 0 runs, 0 hits, 0 errors, 0 left on base; Cleveland 1 - Chicago 0
BOTTOM OF THE 3RD
Chicago White Sox batting - Pitching for Cleveland Indians : RHP Shane Bieber
Batting: RHB Luis Robert 0-0: Called Strike
0-1: Foul Ball, location: 2F
0-2: Ball
1-2: Ball
2-2: Fly out, F4 (Popup, 34, EV 76.3 MPH)
Batting: RHB Nick Madrigal 0-0: Called Strike
0-1: Bunt for hit to 15 - play at first, batter safe!
Batting: SHB Yoan Moncada 0-0: Ball
1-0: Fly out, F3 (Popup, 4S, EV 80.0 MPH)
Batting: SHB Yasmani Grandal 0-0: Swinging Strike
0-1: Ground out 4-3 (Groundball, 34, EV 83.1 MPH)
Bottom of the 3rd over - 0 runs, 1 hit, 0 errors, 1 left on base; Cleveland 1 - Chicago 0
TOP OF THE 4TH
Cleveland Indians batting - Pitching for Chicago White Sox : LHP Dallas Keuchel
Batting: SHB Jose Ramirez 0-0: Foul Ball, location: 2F
0-1: Swinging Strike
0-2: Strikes out looking
Batting: RHB Franmil Reyes 0-0: Foul Ball, location: 2F
0-1: Foul Ball, location: 2F
0-2: Ball
1-2: Foul Ball, location: 2F
1-2: Strikes out swinging
Batting: SHB Cesar Hernandez 0-0: Ball
1-0: Ball
2-0: Called Strike
2-1: Called Strike
2-2: Ground out 6-3 (Groundball, 6, EV 89.4 MPH)
Top of the 4th over - 0 runs, 0 hits, 0 errors, 0 left on base; Cleveland 1 - Chicago 0
BOTTOM OF THE 4TH
Chicago White Sox batting - Pitching for Cleveland Indians : RHP Shane Bieber
Batting: RHB Jose Abreu 0-0: Ball
1-0: Ball
2-0: Ball
3-0: Called Strike
3-1: Foul Ball, location: 2F
3-2: Strikes out swinging
Batting: RHB Eloy Jimenez 0-0: Ball
1-0: Ball
2-0: Ball
3-0: Called Strike
3-1: Foul Ball, location: 9LSF
3-2: Foul Ball, location: 2F
3-2: Fly out, F8 (Flyball, 8RM, EV 85.0 MPH)
Batting: RHB Edwin Encarnacion 0-0: Swinging Strike
0-1: Called Strike
0-2: Ball
1-2: Strikes out swinging
Bottom of the 4th over - 0 runs, 0 hits, 0 errors, 0 left on base; Cleveland 1 - Chicago 0
TOP OF THE 5TH
Cleveland Indians batting - Pitching for Chicago White Sox : LHP Dallas Keuchel
Batting: RHB Domingo Santana 0-0: Foul Ball, location: 2F
0-1: Foul Ball, location: 2F
0-2: Foul Ball, location: 2F
0-2: Ball
1-2: Strikes out swinging
Batting: SHB Carlos Santana 0-0: Called Strike
0-1: Ball
1-1: Foul Ball, location: 9LSF
1-2: Foul Ball, location: 2F
1-2: Foul Ball, location: 2F
1-2: Ball
2-2: Ball
3-2: Strikes out swinging
Batting: RHB Roberto Perez 0-0: Ball
1-0: Swinging Strike
1-1: Foul Ball, location: 2F
1-2: Ball
2-2: Fly out, F9 (Flyball, 9D, EV 98.1 MPH)
Top of the 5th over - 0 runs, 0 hits, 0 errors, 0 left on base; Cleveland 1 - Chicago 0
BOTTOM OF THE 5TH
Chicago White Sox batting - Pitching for Cleveland Indians : RHP Shane Bieber
Batting: LHB Nomar Mazara 0-0: Ball
1-0: Ball
2-0: Called Strike
2-1: Foul Ball, location: 2F
2-2: SINGLE (Flyball, 3D, EV 88.8 MPH)
Batting: RHB Tim Anderson 0-0: Single, Error in OF, E8, batter to second base (Line Drive, 8RS, EV 112.5 MPH)
Nomar Mazara to third
Batting: RHB Luis Robert 0-0: Ball
1-0: Ball
2-0: Foul Ball, location: 2F
2-1: Called Strike
2-2: Hit by Pitch
Batting: RHB Nick Madrigal 0-0: Fielders Choice at 2nd, 3-6 (Groundball, 13, EV 90.0 MPH)
Nomar Mazara scores
Tim Anderson to third
Batting: SHB Yoan Moncada 0-0: Fly out, F9 (Line Drive, 9D, EV 93.1 MPH)
Runner from 3rd tags up, SCORES, no throw by RF
Batting: SHB Yasmani Grandal 0-0: Ball
Nick Madrigal steals 2nd base
1-0: Ball
2-0: Called Strike
2-1: Called Strike
2-2: Ball
3-2: Strikes out swinging
Bottom of the 5th over - 2 runs, 2 hits, 1 error, 1 left on base; Cleveland 1 - Chicago 2
TOP OF THE 6TH
Cleveland Indians batting - Pitching for Chicago White Sox : LHP Dallas Keuchel
Batting: LHB Tyler Naquin 0-0: Called Strike
0-1: SINGLE (Groundball, 4MD, EV 96.3 MPH)
Batting: RHB Oscar Mercado 0-0: Ball
1-0: Ball
2-0: Called Strike
2-1: SINGLE (Groundball, 4D, EV 95.0 MPH)
Tyler Naquin to second
Batting: SHB Francisco Lindor 0-0: Foul Ball, location: 7LSF
0-1: 3-RUN HOME RUN (Flyball, 7D, EV 104.4 MPH), Distance : 414 ft
Batting: SHB Jose Ramirez 0-0: Ball
1-0: Ball
2-0: Called Strike
2-1: Called Strike
2-2: Strikes out swinging
Batting: RHB Franmil Reyes 0-0: Ball
1-0: Swinging Strike
1-1: Called Strike
1-2: SINGLE (Groundball, 34D, EV 100.6 MPH)
Batting: SHB Cesar Hernandez 0-0: Ball
1-0: Called Strike
1-1: Swinging Strike
1-2: Strikes out swinging
Batting: RHB Domingo Santana 0-0: Called Strike
0-1: Ball
1-1: Ball
2-1: Ball
3-1: Base on Balls
Franmil Reyes to second
Pitching: RHP Jimmy Cordero
Batting: SHB Carlos Santana 0-0: Called Strike
0-1: Fly out, F7 (Flyball, 78M, EV 84.4 MPH)
Top of the 6th over - 3 runs, 4 hits, 0 errors, 2 left on base; Cleveland 4 - Chicago 2
BOTTOM OF THE 6TH
Chicago White Sox batting - Pitching for Cleveland Indians : RHP Shane Bieber
Batting: RHB Jose Abreu 0-0: Ball
1-0: Ball
2-0: Fly out, F8 (Flyball, 78XD, EV 87.5 MPH)
Batting: RHB Eloy Jimenez 0-0: Swinging Strike
0-1: Called Strike
0-2: Strikes out swinging
Batting: RHB Edwin Encarnacion 0-0: Foul Ball, location: 2F
0-1: Swinging Strike
0-2: Foul Ball, location: 9LDF
0-2: Ball
1-2: Ball
2-2: Ground out 6-3 (Groundball, 6, EV 88.1 MPH)
Bottom of the 6th over - 0 runs, 0 hits, 0 errors, 0 left on base; Cleveland 4 - Chicago 2
TOP OF THE 7TH
Cleveland Indians batting - Pitching for Chicago White Sox : RHP Jimmy Cordero
Batting: RHB Roberto Perez 0-0: Ball
1-0: Ground out 6-3 (Groundball, 6, EV 82.5 MPH)
Batting: LHB Tyler Naquin 0-0: Swinging Strike
0-1: Swinging Strike
0-2: Foul Ball, location: 2F
0-2: Foul Ball, location: 2F
0-2: Ball
1-2: Ball
2-2: Ball
3-2: Strikes out swinging
Batting: RHB Oscar Mercado 0-0: Called Strike
0-1: Swinging Strike
0-2: Strikes out looking
Top of the 7th over - 0 runs, 0 hits, 0 errors, 0 left on base; Cleveland 4 - Chicago 2
BOTTOM OF THE 7TH
Chicago White Sox batting - Pitching for Cleveland Indians : RHP Shane Bieber
Batting: LHB Nomar Mazara 0-0: Ball
1-0: Foul Ball, location: 2F
1-1: Ball
2-1: Ball
3-1: DOUBLE (Line Drive, 78D, EV 104.4 MPH)
Batting: RHB Tim Anderson 0-0: DOUBLE (Line Drive, 5D, EV 105.6 MPH)
Nomar Mazara scores
Batting: RHB Luis Robert 0-0: Sac Bunt to 3S - play at first, batter safe!
Tim Anderson to third
Pitching: RHP Nick Sandlin
Batting: RHB Nick Madrigal 0-0: Ground out 4-3 (Groundball, 4, EV 84.4 MPH)
Luis Robert to second
Batting: SHB Yoan Moncada 0-0: Called Strike
0-1: Foul Ball, location: 2F
0-2: Strikes out looking
Batting: SHB Yasmani Grandal 0-0: Ball
1-0: SINGLE (Groundball, 4MD, EV 104.4 MPH)
Tim Anderson scores
Luis Robert to third
Runner from 3rd tries for Home, SAFE, throw by CF to home
Batting: RHB Jose Abreu 0-0: Called Strike
0-1: Ball
1-1: Ball
2-1: Fielders Choice at 2nd, 5-4 (Groundball, 56, EV 101.9 MPH)
Bottom of the 7th over - 3 runs, 4 hits, 0 errors, 1 left on base; Cleveland 4 - Chicago 5
TOP OF THE 8TH
Cleveland Indians batting - Pitching for Chicago White Sox : RHP Jimmy Cordero
Pitching: LHP Jace Fry
Batting: SHB Francisco Lindor 0-0: Called Strike
0-1: Called Strike
0-2: Ball
1-2: Ball
2-2: Strikes out looking
Batting: SHB Jose Ramirez 0-0: Ball
1-0: Called Strike
1-1: Ball
2-1: Ground out 5-3 (Groundball, 5, EV 111.9 MPH)
Batting: RHB Franmil Reyes 0-0: Ball
1-0: Foul Ball, location: 2F
1-1: Ball
2-1: Ball
3-1: Foul Ball, location: 2F
3-2: Fly out, F8 (Flyball, 8RD, EV 105.6 MPH)
Top of the 8th over - 0 runs, 0 hits, 0 errors, 0 left on base; Cleveland 4 - Chicago 5
BOTTOM OF THE 8TH
Chicago White Sox batting - Pitching for Cleveland Indians : RHP Nick Sandlin
Batting: RHB Eloy Jimenez 0-0: Called Strike
0-1: Foul Ball, location: 2F
0-2: Strikes out swinging
Batting: RHB Edwin Encarnacion 0-0: Called Strike
0-1: Ball
1-1: Foul Ball, location: 7LSF
1-2: Ball
2-2: Ball
3-2: Strikes out swinging
Batting: LHB Nomar Mazara 0-0: SINGLE (Groundball, 4MD, EV 96.9 MPH)
Pinch Runner at 1st Adam Engel:
Batting: RHB Tim Anderson 0-0: Ball
1-0: Called Strike
1-1: Foul Ball, location: 2F
1-2: Ball
2-2: Strikes out swinging
Bottom of the 8th over - 0 runs, 1 hit, 0 errors, 1 left on base; Cleveland 4 - Chicago 5
TOP OF THE 9TH
Cleveland Indians batting - Pitching for Chicago White Sox : LHP Jace Fry
Pitching: RHP Alex Colome
Now in RF: Adam Engel
Batting: SHB Cesar Hernandez 0-0: Fly out, F8 (Line Drive, 8LM, EV 95.0 MPH)
Batting: RHB Domingo Santana 0-0: Called Strike
0-1: Ball
1-1: Foul Ball, location: 2F
1-2: Ball
2-2: Strikes out looking
Batting: SHB Carlos Santana 0-0: Called Strike
0-1: Ball
1-1: Ball
2-1: Ball
3-1: Called Strike
3-2: Fly out, F7 (Flyball, 78XD, EV 100.0 MPH)
Top of the 9th over - 0 runs, 0 hits, 0 errors, 0 left on base; Cleveland 4 - Chicago 5
Tuesday, June 16th, 2020 - OOTP Baseball 21.3 Build 54